[Event "ICC tourney 1923 (15 5)"]
[Site "Internet Chess Club"]
[Date "2020.07.17"]
[Round "4"]
[White "chessisfunsp"]
[Black "Vidipkona"]
[Result "1-0"]
[ICCResult "Black checkmated"]
[WhiteElo "1724"]
[BlackElo "1551"]
[Opening "Sicilian: Alapin's variation (2.c3)"]
[ECO "B22"]
[NIC "SI.46"]
[Time "15:16:22"]
[TimeControl "900+5"]

1. e4 c5 2. c3 d6 3. d4 cxd4 4. cxd4 Nf6 5. Nc3 a6 6. Nf3 e6 7. Bd3 Be7 8.
Bf4 O-O 9. e5 dxe5 10. dxe5 Nd5 11. Nxd5 Qxd5 12. Qc2 h6 13. O-O Qc6 14. Qe2
Nd7 15. Rac1 Qb6 16. Qe4 f5 17. exf6 Nxf6 18. Qg6 Kh8 19. Bxh6 gxh6 20.
Qxh6+ Kg8 21. Qg6+ Kh8 22. Ng5 Bd7 23. Rc4 Be8 24. Rh4+ Nh5 25. Rxh5#
{Black checkmated}
1-0

[Event "ICC tourney 1923 (15 5)"]
[Site "Internet Chess Club"]
[Date "2020.07.17"]
[Round "4"]
[White "Rayhan2020"]
[Black "ZSChess09"]
[Result "0-1"]
[ICCResult "White checkmated"]
[WhiteElo "1426"]
[BlackElo "1623"]
[Opening "Scandinavian defense"]
[ECO "B01"]
[NIC "SD.03"]
[Time "15:16:14"]
[TimeControl "900+5"]

1. e4 d5 2. exd5 Nf6 3. Nc3 Nxd5 4. Nf3 Nxc3 5. bxc3 g6 6. Bc4 Bg7 7. Ng5
O-O 8. O-O Nc6 9. Qf3 Ne5 10. Qe2 Nxc4 11. Qxc4 e5 12. Nf3 Be6 13. Qb4 b6
14. Re1 c5 15. Qb2 Bd5 16. Re3 f5 17. d3 f4 18. Re2 Bxf3 19. gxf3 Qh4 20. d4
Qh3 21. Qb3+ Kh8 22. dxc5 Rf5 23. Kh1 Qf1# {White checkmated} 0-1

[Event "ICC tourney 1923 (15 5)"]
[Site "Internet Chess Club"]
[Date "2020.07.17"]
[Round "4"]
[White "ChessStar22"]
[Black "nguyencaptures"]
[Result "0-1"]
[ICCResult "White checkmated"]
[WhiteElo "1325"]
[BlackElo "1248"]
[Opening "Queen's pawn game"]
[ECO "D00"]
[NIC "QP.08"]
[Time "15:16:22"]
[TimeControl "900+5"]

1. d4 d5 2. e3 Nc6 3. c4 dxc4 4. Bxc4 Bf5 5. Bd3 Bxd3 6. Qxd3 Nf6 7. Nf3 e6
8. Bd2 Be7 9. O-O O-O 10. a3 e5 11. Qc3 exd4 12. Nxd4 Ne4 13. Qc2 Nxd2 14.
Nxc6 Nf3+ 15. gxf3 bxc6 16. Qxc6 Rb8 17. b4 Bd6 18. Qe4 Qf6 19. Nd2 Qh6 20.
h4 f5 21. Qd5+ Kh8 22. Nc4 Rf6 23. Nxd6 Rg6+ 24. Kh2 Qxh4# {White
checkmated} 0-1

[Event "ICC tourney 1923 (15 5)"]
[Site "Internet Chess Club"]
[Date "2020.07.17"]
[Round "4"]
[White "IGMin2023"]
[Black "Andrew588"]
[Result "0-1"]
[ICCResult "White resigns"]
[WhiteElo "1255"]
[BlackElo "1406"]
[Opening "English opening"]
[ECO "A05"]
[NIC "QP.11"]
[Time "15:16:12"]
[TimeControl "900+5"]

1. Nf3 Nf6 2. c4 e5 3. Nxe5 d6 4. Nf3 Bg4 5. g3 c6 6. Bg2 d5 7. cxd5 cxd5 8.
O-O Nc6 9. Nc3 Bc5 10. Na4 Bd6 11. b3 Be5 12. Nxe5 Nxe5 13. f3 Bd7 14. Bb2
Bxa4 15. bxa4 Qb6+ 16. e3 Qxb2 17. Qe2 Qb6 18. Rab1 Qd6 19. Rxb7 O-O 20. f4
Neg4 21. Bh3 h5 22. Qb5 d4 23. Bxg4 hxg4 24. Qe2 dxe3 25. Qxe3 Qc6 26. Rb4
Rfe8 27. Qd4 Re2 28. Rf2 Re1+ 29. Rf1 Rae8 30. Qd3 Rxf1+ 31. Qxf1 Qc5+ 32.
Kg2 Qxb4 33. Qd3 Qe4+ 34. Qxe4 Rxe4 35. d3 Rd4 36. Kf2 Rxd3 37. Ke2 Ra3 38.
Kf2 Rxa2+ 39. Ke3 Rxa4 40. f5 Ra3+ 41. Kf4 Ra2 42. Kg5 Rxh2 43. Kf4 g5+ 44.
Kxg5 Ne4+ 45. Kf4 Nd2 46. Kxg4 Rg2 47. Kf4 Nf1 48. g4 f6 49. Kf3 Rg3+ 50.
Kf4 Rg1 51. Kf3 Nh2+ 52. Kf2 Rxg4 53. Ke2 Rf4 54. Ke3 Rxf5 55. Ke4 Rf1 56.
Ke3 Kg7 57. Ke2 Rf5 58. Ke3 Kg6 59. Ke4 Kg5 60. Kd3 Kf4 61. Kc4 Re5
{White resigns}
0-1

[Event "ICC tourney 1923 (15 5)"]
[Site "Internet Chess Club"]
[Date "2020.07.17"]
[Round "4"]
[White "rjaichand"]
[Black "auggie29"]
[Result "1-0"]
[ICCResult "Black checkmated"]
[WhiteElo "1399"]
[BlackElo "1214"]
[Opening "French: advance, Paulsen attack"]
[ECO "C02"]
[NIC "FR.03"]
[Time "15:16:16"]
[TimeControl "900+5"]

1. e4 e6 2. d4 d5 3. e5 c5 4. c3 Nc6 5. Nf3 f6 6. Bd3 Qb6 7. a3 Bd7 8. b4
cxd4 9. cxd4 Nxd4 10. Be3 Nxf3+ 11. Qxf3 Qc7 12. Bf4 fxe5 13. Qh5+ g6 14.
Qxe5 Qxe5+ 15. Bxe5 Rc8 16. Nd2 Bd6 17. Bxd6 Nf6 18. Be5 Kf7 19. g4 Rc3 20.
Bxc3 Rd8 21. Bxf6 Kxf6 22. h4 e5 23. g5+ Kf7 24. Rc1 e4 25. Bb1 Re8 26. Rc7
Rd8 27. Rxb7 Kg8 28. Rxa7 Bg4 29. Rg1 Bh5 30. b5 Rb8 31. a4 Re8 32. Ba2 e3
33. Bxd5+ Kh8 34. Ne4 Bf3 35. Nf6 exf2+ 36. Kxf2 Rf8 37. Rxh7#
{Black checkmated}
1-0

[Event "ICC tourney 1923 (15 5)"]
[Site "Internet Chess Club"]
[Date "2020.07.17"]
[Round "4"]
[White "WizardY"]
[Black "aidaamin"]
[Result "1-0"]
[ICCResult "Black checkmated"]
[WhiteElo "1520"]
[BlackElo "1383"]
[Opening "Scotch gambit"]
[ECO "C44"]
[NIC "SO.06"]
[Time "15:16:29"]
[TimeControl "900+5"]

1. e4 e5 2. Nf3 Nc6 3. d4 exd4 4. Bc4 d6 5. Nxd4 Nxd4 6. Qxd4 Nf6 7. e5 dxe5
8. Bxf7+ Ke7 9. Qc4 Qd6 10. Bd2 Qc6 11. Bb4+ Kd8 12. Qxc6 bxc6 13. Bxf8 Rxf8
14. Bb3 Ke7 15. O-O Be6 16. Ba4 Bd5 17. Re1 Kd6 18. Nc3 Rab8 19. Nxd5 cxd5
20. Bb3 Ne4 21. Rad1 Nxf2 22. Rxd5+ Kc6 23. Rexe5 Ng4 24. Re6+ Kb7 25. Rb5+
Kc8 26. Rxb8+ Kxb8 27. Re7 g6 28. Rxh7 Ne3 29. Rf7 Rxf7 30. Bxf7 g5 31. c3
Nd1 32. Kf1 Nxb2 33. Ke2 Kc8 34. Kf3 Kd7 35. Kg4 Ke7 36. Bb3 Kf6 37. h4 gxh4
38. Kxh4 Nd3 39. g4 Nf4 40. g5+ Kg7 41. Kg4 Ng6 42. Bc2 Ne5+ 43. Kf5 Nf7 44.
Bb3 Nxg5 45. Kxg5 Kf8 46. Kf6 Ke8 47. Ke6 Kd8 48. Ba4 Kc8 49. c4 Kb7 50. Kd7
Kb6 51. Bc6 Kc5 52. Kxc7 Kxc4 53. Kb7 Kb4 54. Kxa7 Ka3 55. Bd5 Ka4 56. Ka6
Kb4 57. Kb6 Ka4 58. Bb3+ Kb4 59. a4 Kxb3 60. a5 Kb4 61. a6 Ka4 62. a7 Ka3
63. a8=Q+ Kb4 64. Qa6 Kc3 65. Qb5 Kd4 66. Qc6 Ke5 67. Qd7 Ke4 68. Qd6 Kf5
69. Qe7 Kf4 70. Qe6 Kf3 71. Qe5 Kf2 72. Qe4 Kf1 73. Qe3 Kg2 74. Qf4 Kg1 75.
Qf3 Kh2 76. Kc5 Kg1 77. Kd4 Kh2 78. Ke3 Kg1 79. Kf4 Kh2 80. Qg4 Kh1 81. Kf3
Kh2 82. Qg2# {Black checkmated} 1-0

[Event "ICC tourney 1923 (15 5)"]
[Site "Internet Chess Club"]
[Date "2020.07.17"]
[Round "4"]
[White "NK2007"]
[Black "royayush"]
[Result "1-0"]
[ICCResult "Black checkmated"]
[WhiteElo "1186"]
[BlackElo "1374"]
[Opening "Nimzo-Indian: classical, Noa variation"]
[ECO "E34"]
[NIC "NI.23"]
[Time "15:16:10"]
[TimeControl "900+5"]

1. d4 d5 2. c4 e6 3. Nc3 Bb4 4. Qc2 Nf6 5. Bg5 h6 6. Bh4 Nbd7 7. Nf3 c6 8.
e3 Qa5 9. Bd3 Bxc3+ 10. bxc3 O-O 11. O-O dxc4 12. Bxc4 Nd5 13. Bxd5 cxd5 14.
c4 dxc4 15. Qxc4 b6 16. Qc6 Rb8 17. Rfc1 Qh5 18. Bg3 Rb7 19. Bd6 Re8 20. Ne5
f6 21. Nd3 Qf7 22. a3 b5 23. Nc5 Nxc5 24. dxc5 b4 25. axb4 Rxb4 26. Qa8 Qg6
27. Qxa7 Bb7 28. c6 Bc8 29. Bxb4 e5 30. c7 Bh3 31. Qb7 e4 32. g3 Bc8 33. Qc6
h5 34. Rd1 Qf7 35. Rd8 Bd7 36. Qxd7 Qxd7 37. Rxd7 g5 38. Rd8 Kf7 39. c8=R
Rxd8 40. Rxd8 Kg6 41. Ra7 Kf5 42. Re8 Kg4 43. h3+ Kxh3 44. Kf1 h4 45. gxh4
gxh4 46. f3 exf3 47. Rf8 Kg3 48. Rxf6 h3 49. Rxf3+ Kxf3 50. Kg1 Kxe3 51. Kh2
Kd4 52. Kxh3 Kc4 53. Rd7 Kxb4 54. Rc7 Kb5 55. Rc1 Kb4 56. Kg3 Kb3 57. Kf3
Kb2 58. Rc8 Kb3 59. Ke4 Kb4 60. Kd5 Kb3 61. Kd4 Kb2 62. Kd3 Kb1 63. Kd2 Ka1
64. Rb8 Ka2 65. Kc3 Ka1 66. Kc2 Ka2 67. Ra8# {Black checkmated} 1-0

[Event "ICC tourney 1923 (15 5)"]
[Site "Internet Chess Club"]
[Date "2020.07.17"]
[Round "4"]
[White "dangdang2000"]
[Black "HappyLunchBox"]
[Result "1/2-1/2"]
[ICCResult "Black stalemated"]
[WhiteElo "1373"]
[BlackElo "1127"]
[Opening "Scandinavian (center counter) defense"]
[ECO "B01"]
[NIC "VO.17"]
[Time "15:16:10"]
[TimeControl "900+5"]

1. e4 d5 2. exd5 Qxd5 3. d4 e5 4. Nf3 Nc6 5. Nc3 Bb4 6. Be3 Bg4 7. a3 Bxc3+
8. bxc3 O-O-O 9. c4 Qd7 10. d5 e4 11. dxc6 Qxc6 12. Bd4 Nf6 13. Ne5 Qd6 14.
Nxg4 Nxg4 15. Qxg4+ Kb8 16. Qxg7 Qxd4 17. Qxd4 Rxd4 18. Rd1 c5 19. Rxd4 cxd4
20. g3 Rd8 21. Bg2 f5 22. Kd2 d3 23. Rd1 Kc7 24. Kc3 dxc2 25. Kxc2 Rxd1 26.
Kxd1 Kc6 27. Kc2 Kc5 28. Kc3 b5 29. cxb5 Kxb5 30. Bh3 Ka4 31. Bxf5 Kxa3 32.
Bxe4 a5 33. Bxh7 a4 34. Bg8 {Black stalemated} 1/2-1/2

[Event "ICC tourney 1923 (15 5)"]
[Site "Internet Chess Club"]
[Date "2020.07.17"]
[Round "4"]
[White "arjunk2011"]
[Black "askuo"]
[Result "1-0"]
[ICCResult "Black resigns"]
[WhiteElo "1195"]
[BlackElo "1065"]
[Opening "English, 1...Nf6 (Anglo-Indian defense)"]
[ECO "A15"]
[NIC "EO.64"]
[Time "15:16:10"]
[TimeControl "900+5"]

1. c4 Nf6 2. d3 g6 3. e4 Bg7 4. Ne2 O-O 5. g3 d6 6. Bg2 e5 7. O-O Ne8 8. f4
f5 9. fxe5 dxe5 10. exf5 gxf5 11. Nbc3 Nc6 12. Be3 Nd6 13. Qc1 Be6 14. Bh6
Qe7 15. Bxg7 Qxg7 16. b3 Rae8 17. Nd5 a6 18. Qd2 Bxd5 19. Bxd5+ Kh8 20. Bg2
Rg8 21. Rad1 f4 22. Rf3 Nf5 23. Qe1 e4 24. Rxf4 Ne3 25. Rd2 Nxg2 26. Kxg2 e3
27. Rc2 Nb4 28. Qxb4 Qg5 29. Qc3+ {Black resigns} 1-0

[Event "ICC tourney 1923 (15 5)"]
[Site "Internet Chess Club"]
[Date "2020.07.17"]
[Round "4"]
[White "iamlifamily"]
[Black "AaditK"]
[Result "1-0"]
[ICCResult "Black checkmated"]
[WhiteElo "1372"]
[BlackElo "1114"]
[Opening "two knights defense: Ulvestad variation"]
[ECO "C57"]
[NIC "KP.01"]
[Time "15:16:27"]
[TimeControl "900+5"]

1. e4 e5 2. Nf3 Nc6 3. Bc4 Nf6 4. Ng5 d5 5. exd5 b5 6. Bf1 Nxd5 7. Bxb5 Qxg5
8. Bxc6+ Bd7 9. Bxd5 c6 10. Bf3 Bd6 11. d3 Qf6 12. O-O O-O 13. Nc3 Kh8 14.
Ne4 Qe7 15. Bg5 f6 16. Be3 Rg8 17. Nxd6 Qxd6 18. d4 Be6 19. dxe5 Qxe5 20.
Qd4 Qc7 21. Qc3 Raf8 22. Bxc6 g5 23. Bd4 Rg6 24. Be4 Qxc3 25. Bxc3 Rh6 26.
Rfe1 Re8 27. Bc6 Re7 28. Bb4 Rg7 29. Rxe6 g4 30. Bf8 Rgg6 31. Bxh6 Rxh6 32.
Re8+ Kg7 33. Rd1 f5 34. Rd7+ Kg6 35. Re6+ Kg5 36. h4+ Rxh4 37. g3 Rh5 38.
Rg7# {Black checkmated} 1-0

[Event "ICC tourney 1923 (15 5)"]
[Site "Internet Chess Club"]
[Date "2020.07.17"]
[Round "4"]
[White "JerryZhu"]
[Black "Kamatchimuthu"]
[Result "0-1"]
[ICCResult "White checkmated"]
[WhiteElo "1300"]
[BlackElo "1383"]
[Opening "QGD semi-Slav: 5.e3"]
[ECO "D45"]
[NIC "SL.08"]
[Time "15:16:16"]
[TimeControl "900+5"]

1. d4 d5 2. c4 c6 3. Nc3 Nf6 4. e3 e6 5. Nf3 Bb4 6. Bd2 O-O 7. a3 Bxc3 8.
Bxc3 b6 9. Bd3 c5 10. O-O Nc6 11. Re1 Ba6 12. cxd5 Bxd3 13. dxc6 Be4 14. Ne5
Qd6 15. Qa4 Rfc8 16. dxc5 Qxc5 17. Rac1 Qd6 18. Bd4 Nh5 19. Rc3 f6 20. Nc4
Qd5 21. f3 Bg6 22. Qc2 Bxc2 23. Rxc2 e5 24. Bxb6 Qxc6 25. Ba5 Qa6 26. Rec1
Rc5 27. Bb4 Rc6 28. Ba5 Rac8 29. b3 Qb5 30. Nd6 Rxd6 31. Rxc8+ Kf7 32. R1c7+
Kg6 33. Rxa7 Rd1+ 34. Kf2 Qf1# {White checkmated} 0-1

[Event "ICC tourney 1923 (15 5)"]
[Site "Internet Chess Club"]
[Date "2020.07.17"]
[Round "4"]
[White "Cougar2020"]
[Black "wulovechess"]
[Result "0-1"]
[ICCResult "White checkmated"]
[WhiteElo "1391"]
[BlackElo "1501"]
[Opening "Giuoco Pianissimo"]
[ECO "C55"]
[NIC "IG.01"]
[Time "15:16:21"]
[TimeControl "900+5"]

1. e4 e5 2. Nf3 Nc6 3. Bc4 Nf6 4. d3 Bc5 5. c3 Bb6 6. b4 O-O 7. a4 a5 8. b5
Ne7 9. Nxe5 d6 10. Nf3 Bg4 11. Nbd2 d5 12. exd5 Nexd5 13. Qb3 Re8+ 14. Kf1
Qe7 15. d4 Rad8 16. Ba3 Qd7 17. h3 Bf5 18. Kg1 c6 19. bxc6 bxc6 20. Kh2 Bc7+
21. Kg1 Rb8 22. Qd1 Nxc3 23. Qf1 Nxa4 24. Ng5 Nd5 25. Bd3 h6 26. Ngf3 Bxd3
27. Qxd3 Nf4 28. Qc2 Ne2+ 29. Kf1 Nxd4 30. Qxa4 Nxf3 31. Nxf3 Qd3+ 32. Kg1
Rb1+ 33. Bc1 Rxa1 34. Qxa1 Qd1+ 35. Ne1 Rxe1# {White checkmated} 0-1

[Event "ICC tourney 1923 (15 5)"]
[Site "Internet Chess Club"]
[Date "2020.07.17"]
[Round "4"]
[White "WCCRBS"]
[Black "JCJ2018"]
[Result "0-1"]
[ICCResult "White resigns"]
[WhiteElo "1254"]
[BlackElo "1690"]
[Opening "Giuoco Piano"]
[ECO "C53"]
[NIC "IG.02"]
[Time "15:16:22"]
[TimeControl "900+5"]

1. e4 e5 2. Nf3 Nc6 3. Bc4 Bc5 4. c3 d6 5. d4 exd4 6. cxd4 Bb4+ 7. Nc3 Nf6
8. O-O Bxc3 9. bxc3 O-O 10. Re1 Re8 11. Bd3 h6 12. d5 Ne5 13. Nxe5 dxe5 14.
Ba3 Bg4 15. f3 Bh5 16. Rb1 Rb8 17. Bc5 b6 18. Bb4 Nd7 19. Bb5 a5 20. Ba3 Kh8
21. Bc6 Rg8 22. c4 Nf6 23. Bb2 Qe7 24. Qc2 Bg6 25. Qc3 Nd7 26. Bxd7 Qxd7 27.
Qxe5 Rbe8 28. Qc3 c6 29. Qb3 cxd5 30. cxd5 Qd6 31. Bd4 Rc8 32. Qxb6 Qd7 33.
Qxa5 Ra8 34. Qd2 Qc7 35. Rec1 Qe7 36. a4 Rxa4 37. Qb2 Raa8 38. Bc5 Qg5 39.
Qe2 Rab8 40. Rxb8 Qxc1+ 41. Kf2 Qxc5+ 42. Kg3 Rxb8 43. Qa6 Qc7+ 44. d6 Qb6
45. Qxb6 Rxb6 46. e5 Bf5 47. d7 Bxd7 {White resigns} 0-1

[Event "ICC tourney 1923 (15 5)"]
[Site "Internet Chess Club"]
[Date "2020.07.17"]
[Round "4"]
[White "strongcarrot"]
[Black "ArsenioB2012"]
[Result "1-0"]
[ICCResult "Black resigns"]
[WhiteElo "1476"]
[BlackElo "1494"]
[Opening "QGD Slav defense"]
[ECO "D10"]
[NIC "SL.01"]
[Time "15:16:14"]
[TimeControl "900+5"]

1. d4 d5 2. c4 c6 3. Nc3 Nf6 4. Bf4 Bf5 5. e3 e6 6. Nf3 Be7 7. Nh4 O-O 8.
Nxf5 exf5 9. Bd3 Ne4 10. f3 Nxc3 11. bxc3 g6 12. cxd5 Qxd5 13. Qb3 Qd7 14.
O-O Bd6 15. Bxd6 Qxd6 16. Qxb7 Nd7 17. Qb2 Rab8 18. Qc2 Rfe8 19. e4 fxe4 20.
Bxe4 c5 21. Rfd1 cxd4 22. Rxd4 Qc5 23. Kh1 Rec8 24. Rxd7 Qa3 25. Rd3 Kg7 26.
h3 Rc7 27. c4 Qb2 28. Qxb2+ Rxb2 29. Rb3 Re2 30. Rb7 Rxc4 31. Bd3
{Black resigns}
1-0

[Event "ICC tourney 1923 (15 5)"]
[Site "Internet Chess Club"]
[Date "2020.07.17"]
[Round "4"]
[White "cheesehead146"]
[Black "oxdidi"]
[Result "1-0"]
[ICCResult "Black resigns"]
[WhiteElo "1260"]
[BlackElo "1249"]
[Opening "Giuoco Pianissimo"]
[ECO "C50"]
[NIC "IG.02"]
[Time "15:16:20"]
[TimeControl "900+5"]

1. e4 e5 2. Nf3 Nc6 3. Bc4 Bc5 4. d3 Nf6 5. Bg5 h6 6. Bh4 O-O 7. Nc3 d6 8.
Nd5 g5 9. Nxg5 Nxd5 10. Bxd5 hxg5 11. Bg3 Qf6 12. h3 Be6 13. Bb3 Na5 14. Ba4
a6 15. c3 b5 16. Bc2 Nc6 17. h4 Kg7 18. h5 Rh8 19. Qe2 Kf8 20. O-O-O Ke7 21.
Rh2 g4 22. f3 Qg5+ 23. f4 exf4 24. Bh4 Qxh4 25. Rxh4 Be3+ 26. Kb1 g3 27. h6
Kf6 28. Rf1 Kg5 29. Qh5+ Kf6 30. Qf3 Bf2 31. Qxf4+ Kg6 32. d4 Ne7 33. e5+
Bf5 34. Bxf5+ Nxf5 35. Rg4+ Kh7 36. Qxf5+ Kxh6 37. Qf6+ {Black resigns} 1-0

[Event "ICC tourney 1923 (15 5)"]
[Site "Internet Chess Club"]
[Date "2020.07.17"]
[Round "4"]
[White "FlowingMelody"]
[Black "aang07"]
[Result "1-0"]
[ICCResult "Black checkmated"]
[WhiteElo "1310"]
[BlackElo "1300"]
[Opening "Ruy Lopez: Berlin defense, 4.O-O, d6"]
[ECO "C66"]
[NIC "RL.07"]
[Time "15:16:12"]
[TimeControl "900+5"]

1. e4 e5 2. Nf3 Nc6 3. Bb5 Nf6 4. O-O d6 5. d3 Bd7 6. Nc3 Be7 7. Bg5 a6 8.
Ba4 Nd4 9. Bxd7+ Qxd7 10. Nxd4 exd4 11. Ne2 O-O 12. Nxd4 h6 13. Bh4 c5 14.
Nf5 Bd8 15. Qf3 Kh7 16. Bg3 g6 17. Nxd6 Nh5 18. Nc4 Nxg3 19. Qxg3 Bf6 20. e5
Bg7 21. Nb6 Qd4 22. Nxa8 Rxa8 23. c3 Qd5 24. Rfe1 Rd8 25. Red1 Bxe5 26. Qf3
Qd7 27. Qe4 Bg7 28. Rd2 b5 29. Re1 c4 30. d4 Bf6 31. Rdd1 a5 32. Qf4 Bg7 33.
Qe3 b4 34. Qe7 bxc3 35. Qxd7 Rxd7 36. bxc3 a4 37. d5 a3 38. Re3 g5 39. d6
Bf8 40. Re4 Bxd6 41. Red4 Bxh2+ 42. Kxh2 Re7 43. Rd7 Re2 44. R1d2 Re6 45.
Rxf7+ Kg6 46. Rc7 Re4 47. f3 Rh4+ 48. Kg1 Rf4 49. Rd4 Rxd4 50. cxd4 Kf5 51.
Rxc4 h5 52. d5 Ke5 53. Rc5 Kd6 54. Ra5 h4 55. Rxa3 Kxd5 56. Ra5+ Kc4 57.
Rxg5 Kb4 58. f4 Ka3 59. f5 Kxa2 60. f6 h3 61. gxh3 Kb3 62. f7 Kc4 63. f8=Q
Kd4 64. Rg7 Ke5 65. Re7+ Kd6 66. Qd8+ Kc6 67. Rc7+ Kb6 68. Qb8+ Ka6 69. Ra7#
{Black checkmated}
1-0

[Event "ICC tourney 1923 (15 5)"]
[Site "Internet Chess Club"]
[Date "2020.07.17"]
[Round "4"]
[White "UltimateDL"]
[Black "Queen2812"]
[Result "0-1"]
[ICCResult "White checkmated"]
[WhiteElo "1314"]
[BlackElo "1376"]
[Opening "Sicilian defense"]
[ECO "B32"]
[NIC "SI.32"]
[Time "15:16:24"]
[TimeControl "900+5"]

1. e4 c5 2. Nf3 Nc6 3. d4 cxd4 4. Nxd4 Nxd4 5. Qxd4 d6 6. Bb5+ Bd7 7. Qa4
Nf6 8. Bxd7+ Qxd7 9. Qxd7+ Nxd7 10. Nc3 g6 11. Nd5 Rc8 12. c3 e6 13. Ne3 Bg7
14. O-O O-O 15. Rd1 Rc6 16. Nf1 Nc5 17. f3 Rd8 18. Bf4 d5 19. exd5 exd5 20.
Be3 Ne6 21. Rd2 d4 22. cxd4 Bxd4 23. Bxd4 Rxd4 24. Rad1 Rxd2 25. Rxd2 Rc1
26. Kf2 Kg7 27. Ng3 Rc7 28. Ne4 f5 29. Nc3 Kh6 30. Nb5 Rc1 31. Nxa7 Nc5 32.
b3 g5 33. Nb5 g4 34. fxg4 Ne4+ 35. Ke3 Nxd2 36. Kxd2 Rc5 37. Nd4 fxg4 38.
Ke3 Kg6 39. Kf4 h5 40. h3 gxh3 41. gxh3 b5 42. h4 b4 43. Ke4 Rc1 44. Kf4 Ra1
45. Nc2 Rxa2 46. Nxb4 Rb2 47. Nd3 Rxb3 48. Ne5+ Kf6 49. Nd7+ Ke7 50. Ne5
Rb4+ 51. Kg5 Rb5 52. Kf4 Ke6 53. Nd3 Rf5+ 54. Ke4 Ra5 55. Kf4 Ra4+ 56. Kg5
Ra5+ 57. Kg6 Rf5 58. Nc5+ Rxc5 59. Kh6 Kf6 60. Kh7 Rc4 61. Kh6 Rxh4 62. Kh7
Rg4 63. Kh6 h4 64. Kh5 h3 65. Kxg4 h2 66. Kg3 h1=Q 67. Kg4 Qe4+ 68. Kh5 Qg2
69. Kh4 Kf5 70. Kh5 Qg5# {White checkmated} 0-1

[Event "ICC tourney 1923 (15 5)"]
[Site "Internet Chess Club"]
[Date "2020.07.17"]
[Round "4"]
[White "stephenwilly"]
[Black "agrimjax1"]
[Result "0-1"]
[ICCResult "White checkmated"]
[WhiteElo "1568"]
[BlackElo "1452"]
[Opening "Two knights defense (Modern bishop's opening)"]
[ECO "C55"]
[NIC "IG.01"]
[Time "15:18:38"]
[TimeControl "900+5"]

1. e4 e5 2. Nf3 Nc6 3. Bc4 Nf6 4. d3 Be7 5. Nc3 d6 6. a3 O-O 7. Be3 Be6 8.
Nd5 Bxd5 9. exd5 Nb8 10. Qd2 c6 11. dxc6 Nxc6 12. d4 e4 13. Ng1 Qd7 14. Ne2
d5 15. Bb3 Rac8 16. h3 a6 17. g4 Rfd8 18. g5 Ne8 19. h4 g6 20. h5 b6 21.
hxg6 fxg6 22. Nc3 Qf5 23. O-O-O Ng7 24. Rdf1 Na5 25. Ba2 Nc4 26. Qe2 Bxg5
27. Kb1 Nxa3+ 28. Ka1 Nb5 29. Bxg5 Nxc3 30. bxc3 Qxg5 31. Qxe4 Kh8 32. Qf3
Qf5 33. Qg3 Qxc2 34. Rc1 Qf5 35. Bb1 Nh5 36. Qg2 Qf6 37. Qf1 Qd6 38. Qe1
Qa3+ 39. Ba2 Re8 40. Qd2 Rc4 41. Rc2 Rec8 42. Qg5 Re8 43. Qxd5 Rxc3 44. Qf7
Rf8 45. Qxf8+ Qxf8 46. Rxc3 Qxf2 47. Rc8+ Kg7 48. Rd1 Kh6 49. d5 Qf6+ 50.
Kb1 Qf5+ 51. Rc2 Nf4 52. d6 Qd7 53. Rh2+ Kg7 54. Rf2 g5 55. Rc2 Kh6 56. Rh1+
Kg6 57. Rd1 h5 58. Bb3 h4 59. Rc7 Qb5 60. Kc2 Qe2+ 61. Rd2 Qe4+ 62. Kb2 Qe5+
63. Rc3 Ne2 64. Rxe2 Qxe2+ 65. Bc2+ Kf7 66. Rc7+ Kf6 67. Kb1 Qe1+ 68. Ka2
Qd2 69. d7 Ke7 70. Kb1 Qb4+ 71. Ka1 h3 72. Bf5 h2 73. Rc1 Qa5+ 74. Kb1 Qxf5+
75. Ka1 Qxd7 76. Re1+ Qe6 77. Rf1 Qe5+ 78. Kb1 h1=Q 79. Rxh1 Qe4+ 80. Kb2
Qxh1 81. Kc3 Qd5 82. Kc2 Qd4 83. Kb3 Qc5 84. Kb2 Qc4 85. Kb1 Qc3 86. Ka2 Qb4
87. Ka1 g4 88. Ka2 g3 89. Ka1 g2 90. Ka2 b5 91. Ka1 g1=Q+ 92. Ka2 Qgb1#
{White checkmated}
0-1

[Event "ICC tourney 1923 (15 5)"]
[Site "Internet Chess Club"]
[Date "2020.07.17"]
[Round "4"]
[White "luckylol3"]
[Black "gambit02"]
[Result "1-0"]
[ICCResult "Black checkmated"]
[WhiteElo "1310"]
[BlackElo "1181"]
[Opening "two knights: Max Lange attack"]
[ECO "C55"]
[NIC "KP.02"]
[Time "15:16:09"]
[TimeControl "900+5"]

1. e4 e5 2. Nf3 Nc6 3. Bc4 Nf6 4. d4 exd4 5. O-O Bc5 6. e5 Ng8 7. Re1 Nge7
8. Bg5 d5 9. Bb3 O-O 10. c3 Bg4 11. h3 Be6 12. cxd4 Bb6 13. Nc3 Qd7 14. Kh2
Nf5 15. Ba4 Qc8 16. Bxc6 bxc6 17. g4 f6 18. exf6 gxf6 19. Bf4 Ne7 20. Qe2
Kf7 21. Rad1 Re8 22. Rd3 Kg8 23. Qxe6+ Qxe6 24. Rxe6 Kf7 25. Re1 Red8 26.
Rde3 Re8 27. g5 fxg5 28. Bxg5 Nf5 29. Rxe8 Rxe8 30. Rxe8 Kxe8 31. Bf6 Kf7
32. Be5 Ke6 33. Ne2 Ba5 34. Nf4+ Kd7 35. a3 Bb6 36. b4 a6 37. a4 Ba7 38. a5
Bb8 39. Ng5 h6 40. Nf3 Ba7 41. Kg1 Bb8 42. Kf1 Ba7 43. Ke2 Bb8 44. Kd3 Ke7
45. Ne2 Ke6 46. Ng3 Ne7 47. Bg7 Ng8 48. Nh4 Kf7 49. Be5 Ke6 50. Nhf5 Kf7 51.
f4 Kg6 52. Ne3 Ne7 53. f5+ Kf7 54. h4 Kg8 55. h5 Kf7 56. f6 Ng8 57. Ng4 Ke6
58. Ke3 Kf7 59. Kf4 Ba7 60. Ne2 Ke6 61. Bxc7 Nxf6 62. Nxf6 Kxf6 63. Be5+ Ke6
64. Kg4 Kf7 65. Nf4 Ke7 66. Kf5 Kf7 67. Ne2 Kg8 68. Kg6 Kf8 69. Kxh6 Kg8 70.
Kg6 Bb8 71. h6 Bxe5 72. dxe5 d4 73. Nxd4 c5 74. e6 Kf8 75. h7 Ke7 76. h8=Q
cxd4 77. Qf6+ Kd6 78. e7+ Kd7 79. Qxd4+ Kxe7 80. Qb6 Kd7 81. Kf6 Kc8 82.
Qc6+ Kd8 83. Qb6+ Kc8 84. Kf7 Kd7 85. Qe6+ Kc7 86. Ke7 Kb7 87. Kd7 Ka7 88.
Kc7 Ka8 89. Qc6+ Ka7 90. Qb7# {Black checkmated} 1-0

[Event "ICC tourney 1923 (15 5)"]
[Site "Internet Chess Club"]
[Date "2020.07.17"]
[Round "5"]
[White "gusfalconjr"]
[Black "JerryZhu"]
[Result "0-1"]
[ICCResult "White resigns"]
[WhiteElo "1185"]
[BlackElo "1329"]
[Opening "English: Sicilian reversed"]
[ECO "A25"]
[NIC "EO.23"]
[Time "16:13:17"]
[TimeControl "900+5"]

1. c4 e5 2. Nc3 Nc6 3. d3 d6 4. g3 Nf6 5. Bg2 Bd7 6. Nf3 Be7 7. O-O O-O 8.
Be3 Be6 9. a3 d5 10. cxd5 Nxd5 11. Nxd5 Bxd5 12. Re1 Bd6 13. Nh4 Bxg2 14.
Kxg2 Qf6 15. f3 Rad8 16. g4 Qxh4 {White resigns} 0-1

[Event "ICC tourney 1923 (15 5)"]
[Site "Internet Chess Club"]
[Date "2020.07.17"]
[Round "5"]
[White "ChessMonkey123"]
[Black "dangdang2000"]
[Result "0-1"]
[ICCResult "White resigns"]
[WhiteElo "1361"]
[BlackElo "1378"]
[Opening "Giuoco Piano"]
[ECO "C54"]
[NIC "IG.02"]
[Time "16:13:14"]
[TimeControl "900+5"]

1. e4 e5 2. Nf3 Nc6 3. Bc4 Bc5 4. c3 Nf6 5. d4 exd4 6. e5 d5 7. Bb5 Qe7 8.
cxd4 Bb4+ 9. Bd2 Bxd2+ 10. Nbxd2 Ne4 11. O-O Nxd2 12. Qxd2 O-O 13. Rac1 Bd7
14. Bxc6 Bxc6 15. Qg5 Qxg5 16. Nxg5 f6 17. Ne6 Rfc8 18. exf6 gxf6 19. Rfe1
Kf7 20. b4 Re8 21. Nxc7 Rxe1+ 22. Rxe1 Rc8 23. Ne6 Re8 24. f4 Rxe6 25. Rxe6
Kxe6 26. Kf2 Kf5 27. Kf3 h5 28. h3 b6 29. g4+ hxg4+ 30. hxg4+ Kg6 31. Kg3 a5
32. bxa5 bxa5 33. Kh4 a4 34. a3 Bb5 35. f5+ Kh6 36. g5+ fxg5+ 37. Kg4 Bd3
38. f6 Bg6 39. Kg3 Bf5 40. f7 Kg7 41. Kf3 Kxf7 42. Ke3 Kg6 43. Kf3 Kh5 44.
Kg3 g4 45. Kg2 Kh4 46. Kh2 g3+ 47. Kg2 Be4+ 48. Kg1 {White resigns} 0-1

[Event "ICC tourney 1923 (15 5)"]
[Site "Internet Chess Club"]
[Date "2020.07.17"]
[Round "5"]
[White "tanish456"]
[Black "WizardY"]
[Result "0-1"]
[ICCResult "White checkmated"]
[WhiteElo "1551"]
[BlackElo "1564"]
[Opening "Sicilian: dragon variation"]
[ECO "B70"]
[NIC "SI.15"]
[Time "16:13:16"]
[TimeControl "900+5"]

1. e4 c5 2. Nf3 d6 3. d4 cxd4 4. Nxd4 Nf6 5. Nc3 g6 6. Bc4 Bg7 7. Bb3 Nc6 8.
Nxc6 bxc6 9. Be3 O-O 10. Qd2 Ng4 11. h3 Nxe3 12. Qxe3 Be6 13. Ba4 Rc8 14.
O-O c5 15. Rad1 Qa5 16. Bb3 c4 17. Ba4 Bxc3 18. Qxc3 Qxa4 19. Rfe1 Rfd8 20.
b3 cxb3 21. Qb2 Rxc2 22. axb3 Bxb3 23. Qb1 Qa2 24. e5 Rxf2 25. Qxa2 Rxa2 26.
exd6 Bxd1 27. dxe7 Re8 28. Rxd1 Rxe7 29. Kh2 Ree2 30. Rd8+ Kg7 31. Kg3 Rxg2+
32. Kh4 Ra4+ 33. Rd4 Rxd4# {White checkmated} 0-1